 Dungeon Crawl Stone Soup version 0.27.1-34-g3ba077fa99 (webtiles) character file.

Game seed: 11694585335751728685

1765 shadowrider38 the Nimble (level 9, -2/62 HPs)
             Began as an Octopode Wanderer on Jan 9, 2022.
             Slain by a sky beast (4 damage)
             ... in the Ecumenical Temple.
             The game lasted 00:19:36 (10972 turns).

shadowrider38 the Nimble (Octopode Wanderer)       Turns: 10972, Time: 00:19:36

Health: -2/62      AC:  1    Str: 14    XL:     9   Next: 7%
Magic:  12/12      EV: 18    Int: 14    God:
Gold:   334        SH:  9    Dex: 12    Spells: 11/12 levels left

rFire    + . .     SeeInvis .   a - +1 short sword (freeze)
rCold    x . .     Faith    .   C - +0 kite shield
rNeg     . . .     Spirit   .   (helmet restricted)
rPois    .         Reflect  .   K - amulet of the acrobat
rElec    .         Harm     .   i - ring of fire
rCorr    .         Rampage  .   p - +4 ring of evasion
Will     .....                  (no ring)
Stlth    +++.......             (no ring)
HPRegen  0.20/turn              (no ring)
MPRegen  0.13/turn              (no ring)
                                (no ring)
                                (no ring)

@: no status effects
A: almost no armour, amphibious, 8 rings, camouflage 1, gelatinous body 1,
(nimble swimmer 1), tentacles
a: no special abilities


You were in the Ecumenical Temple.
You visited 2 branches of the dungeon, and saw 8 of its levels.

You collected 334 gold pieces.

Inventory:

Hand Weapons
 a - a +1 short sword of freezing (weapon)
 h - a +2 whip of venom
 r - a +0 flail
 F - a +0 short sword
 I - a +1 spear of flaming
 L - a +0 club
Missiles
 d - 184 stones
 m - 18 poisoned darts (quivered)
 t - a curare-tipped dart
 x - 7 javelins
 E - 3 throwing nets
Armour
 C - a +0 kite shield (worn)
Jewellery
 i - a ring of fire (left tentacle)
 p - a +4 ring of evasion (right tentacle)
 K - an amulet of the acrobat (around mantle)
Wands
 A - a wand of digging (8)
 D - a wand of acid (9)
Scrolls
 e - 2 scrolls of enchant weapon {unknown}
 g - a scroll of acquirement {unknown}
 j - 2 scrolls of teleportation {unknown}
 l - a scroll of vulnerability {unknown}
 o - a scroll of brand weapon {unknown}
 q - 4 scrolls of identify {unknown}
 s - 2 scrolls of enchant armour {unknown}
 u - a scroll of torment {unknown}
 w - a scroll of amnesia {unknown}
 y - a scroll of silence {unknown}
 B - a scroll of summoning {unknown}
 G - a scroll of noise {unknown}
Potions
 b - 2 potions of lignification
 c - 2 potions of curing
 f - a potion of brilliance {unknown}
 k - a potion of haste {unknown}
 n - 3 potions of heal wounds {unknown}
 v - 2 potions of attraction {unknown}
 z - a potion of magic {unknown}
 H - a potion of flight {unknown}
 J - a potion of mutation {unknown}


   Skills:
 - Level 6.0 Fighting
 - Level 2.0 Short Blades
 - Level 1.0 Throwing
 + Level 8.3 Dodging
 - Level 1.3 Stealth
 - Level 4.0 Shields
 - Level 1.0 Unarmed Combat
 - Level 2.0 Spellcasting
 - Level 1.0 Earth Magic
 - Level 4.0 Evocations


You had 11 spell levels left.
You knew the following spells:

 Your Spells              Type           Power      Damage    Failure   Level
a - Magic Dart            Conj           4%         1d3       67%         1

Your spell library contained the following spells:

 Spells                   Type           Power      Damage    Failure   Level
 Freeze                   Ice            4%         1d3       67%         1
 Blink                    Tloc           N/A        N/A       82%         2
 Call Imp                 Summ           1%         N/A       82%         2
 Slow                     Hex            1%         N/A       82%         2
 Static Discharge         Conj/Air       1%         N/A       82%         2
 Conjure Flame            Conj/Fire      2%         6-21      96%         3
 Frozen Ramparts          Ice            2%         1d2       96%         3
 Gell's Gravitas          Tloc           0%         N/A       96%         3
 Lesser Beckoning         Tloc           0%         N/A       96%         3
 Mephitic Cloud           Conj/Pois/Air  1%         N/A       96%         3
 Teleport Other           Tloc           1%         N/A       96%         3
 Dispel Undead            Necr           1%         3d6       100%        4
 Hailstorm                Conj/Ice       1%         3d3       100%        4
 Sticky Flame             Conj/Fire      2%         2d3       100%        4


Dungeon Overview and Level Annotations

Branches:
Dungeon (7/15)             Temple (1/1) D:7

Altars:
Ashenzari
Elyvilon
Fedhas
Makhleb
Nemelex Xobeh
Qazlal
Ru
Sif Muna
Trog
Uskayaw
Vehumet
Wu Jian
Xom
Yredelemnul
The Shining One

Annotations:
D:5 Menkaure


Innate Abilities, Weirdness & Mutations

You cannot wear most types of armour.
You are amphibious.
You can wear up to eight rings at the same time.
Your skin changes colour to match your surroundings (Stealth+).
Your rubbery body absorbs attacks. (AC +1, EV +1)
((You are camouflaged near water. (Stealth+)))
You have tentacles for arms and can constrict up to eight enemies at once.


Message History

The sky beast closely misses you.
You hit the sky beast but do no damage.
The sky beast is lightly wounded.
You block the sky beast's attack.
You hit the sky beast but do no damage.
The sky beast is lightly wounded.
You block the sky beast's attack.
You hit the sky beast. You freeze the sky beast.
The sky beast is moderately wounded.
The sky beast hits you but does no damage.
You hit the sky beast. You freeze the sky beast.
The sky beast is moderately wounded.
The sky beast hits you. The sky beast shocks you.
The sky beast closely misses you.
You hit the sky beast but do no damage.
The sky beast is moderately wounded.
You block the sky beast's attack.
You barely miss the sky beast.
The sky beast is moderately wounded.
The sky beast flickers out of sight!
Deactivating autopickup; reactivate with Ctrl-A.
Something barely misses you.
You miss something. Something hits you. Something shocks you.
* * * LOW HITPOINT WARNING * * *
You miss something. Something hits you.
* * * LOW HITPOINT WARNING * * *
Something shocks you.
* * * LOW HITPOINT WARNING * * *
Something hits you but does no damage.
Your shield prevents you from hitting something.
Something barely misses you.
You closely miss something. Your squeeze misses something.
Something closely misses you.
You closely miss something. Your squeeze misses something. Something hits you.
* * * LOW HITPOINT WARNING * * *
Something shocks you.
* * * LOW HITPOINT WARNING * * *
You hit something but do no damage. Something closely misses you.
You barely miss something. Something hits you.
You die...

♣♣♣ ♣♣♣♣♣ ♣.♣♣♣
♣♣...♣ ♣♣...♣♣
♣..... ♣.{...♣♣♣♣
♣♣.._..
♣@.......♣♣♣......
♣.....♣♣♣.♣♣♣♣....
♣♣...♣♣ ♣♣.♣ ♣♣.♣.
♣♣♣♣♣ ♣.♣♣ ♣♣♣.
♣♣♣♣♣.♣♣♣♣♣♣
♣♣.♣♣♣♣..♣♣..
♣♣...♣♣♣♣♣..♣♣
♣♣.....♣♣♣.♣♣♣
♣P.._...♣.♣♣ ♣


There were no monsters in sight!

Vanquished Creatures
  Grinder (D:5)
  A black bear (D:4)
  2 orc warriors (D:6)
  An ogre (D:5)
  A hornet zombie (D:5)
  A centaur (D:5)
  A kobold brigand (D:5)
  5 scorpions
  A water moccasin zombie (D:5)
  A water moccasin skeleton (D:5)
  2 orc priests (D:6)
  2 hounds
  A jelly (D:4)
  An iguana (D:6)
  2 orc wizards (D:5)
  A hound skeleton (D:4)
  Robin (D:2)
  11 gnolls
  8 adders
  A shadow imp (D:6)
  2 dart slugs (D:4)
  12 orcs
  5 ball pythons
  5 endoplasms
  6 giant cockroaches
  13 goblins
  3 hobgoblins
  10 jackals
  5 quokkas
  5 bats
  3 frilled lizards
  13 kobolds
  A quokka skeleton (D:4)
  13 rats
141 creatures vanquished.

Vanquished Creatures (others)
  A fungus (D:1)
  A plant (D:5)
2 creatures vanquished.

Grand Total: 143 creatures vanquished

Notes
Turn   | Place    | Note
-------+----------+-------------------------------------------
     0 | D:1      | shadowrider38 the Octopode Wanderer began the quest for the
                  | Orb.
     0 | D:1      | shadowrider38 set off with the following items: a +0 club,
                  | a potion of lignification, a potion of curing; and the
                  | following spell memorised: Magic Dart; and the following
                  | spells available to memorise: Blink, Call Imp, Slow,
                  | Conjure Flame, Mephitic Cloud
     0 | D:1      | Reached XP level 1. HP: 17/17 MP: 3/3
   236 | D:1      | Reached skill level 1 in Dodging
   315 | D:1      | Reached XP level 2. HP: 22/22 MP: 5/5
   601 | D:1      | Found a faded altar of an unknown god.
   710 | D:1      | Reached skill level 2 in Dodging
   943 | D:1      | Reached XP level 3. HP: 25/27 MP: 6/6
  1178 | D:2      | Reached skill level 3 in Dodging
  1532 | D:2      | Reached XP level 4. HP: 26/33 MP: 7/7
  1746 | D:2      | Reached skill level 4 in Dodging
  1867 | D:2      | Noticed Robin
  2484 | D:2      | Killed Robin
  3087 | D:3      | Reached XP level 5. HP: 37/37 MP: 8/8
  3519 | D:3      | Reached skill level 5 in Dodging
  4519 | D:3      | Reached XP level 6. HP: 35/43 MP: 9/9
  5189 | D:4      | Reached skill level 6 in Dodging
  5274 | D:4      | Noticed a black bear
  5291 | D:4      | Killed a black bear
  5292 | D:4      | Reached skill level 1 in Short Blades
  5508 | D:4      | Found an ornate altar of the Wu Jian Council.
  6085 | D:4      | Reached skill level 1 in Shields
  6085 | D:4      | Reached XP level 7. HP: 41/48 MP: 10/10
  6426 | D:5      | Entered Level 5 of the Dungeon
  6429 | D:5      | Found a bloodstained altar of Trog.
  6617 | D:5      | Noticed Menkaure
  7392 | D:6      | Noticed Grinder
  7451 | D:5      | Reached XP level 8. HP: 41/54 MP: 11/11
  7639 | D:5      | Reached skill level 7 in Dodging
  8293 | D:5      | Reached skill level 8 in Dodging
  8901 | D:5      | Killed Grinder
  8902 | D:5      | Reached skill level 5 in Fighting
  9345 | D:6      | Found a sacrificial altar of Ru.
 10117 | D:6      | Reached XP level 9. HP: 7/62 MP: 12/12
 10609 | D:7      | Found a staircase to the Ecumenical Temple.
 10621 | Temple   | Entered the Ecumenical Temple
 10970 | Temple   | HP: 1/62 [something (6)]
 10972 | Temple   | Slain by a sky beast

Illustrated notes

Levels and vault maps discovered:
D:1:      dpeg_arrival_tiny_b, layout_rooms, dreamdust_ecumenical_altar_grove,
          minmay_misc_feat_plants, minmay_rat_gold_closets
D:2:      layout_loops_ring, uniq_robin
D:3:      layout_loops_ring
D:4:      layout_basic, kennysheep_little_box
D:5:      layout_basic, mainiacjoe_overflow_tiny_flanked, uniq_menkaure
D:6:      layout_loops_ring, overflow_temple_1_default, uniq_grinder
D:7:      layout_basic, minmay_temple_entry_offerings, minmay_misc_feat_chi,
          uniq_harold
Temple:   minmay_temple_forest_path

Skill      XL: |  1  2  3  4  5  6  7  8 |
---------------+-------------------------+-----
Dodging        | 1 2 3 4 5 6 8 |  8.3
Evocations     | 2 4 |  4.0
Short Blades   | 2 |  2.0
Shields        | 1 4 |  4.0
Fighting       | 6 |  6.0
Throwing       | |  1.0
Stealth        | |  1.3
Unarmed Combat | |  1.0
Spellcasting   | |  2.0
Earth Magic    | |  1.0

Action                   |  1- 3 |  4- 6 |  7- 9 || total
-------------------------+-------+-------+-------++-------
Melee: Club              |    54 |       |       ||    54
       Constrict         |    14 |    42 |    34 ||    90
       Tentacles         |    10 |    33 |    36 ||    79
       Short sword       |    12 |   173 |    89 ||   274
       Punch             |       |     2 |       ||     2
       Spear             |       |       |    92 ||    92
Throw: Dart              |       |     7 |    13 ||    20
Evoke: Wand              |       |       |     1 ||     1
 Stab: Sleeping          |    11 |    12 |     3 ||    26
Armor: Skin              |     2 |    11 |     6 ||    19
Dodge: Dodged            |    39 |   150 |   121 ||   310
Block: Kite shield       |       |       |    77 ||    77
